Map: Port Aleksander LE

Players

liquidthermy (uThermal) - Winner!

  • Race: Terran Terran
  • Spawn Location: 11:00

Rail

  • Race: Protoss Protoss
  • League: Grandmaster
  • Spawn Location: 5:00

Event: 2019 WCS Winter Europe

VOD

Have the link to the VOD?

Description

Time

  • Played on: Jan. 31, 2019, 12:10 p.m.
  • Length: 8:51

All games in this series

Show
View Real Time Build Order
Export as new Build Order

liquidthermy Terran - Winner!

Build Orders: Cyclone Opening 

Get SALT Encoding   

  12  0:01  SCV  
  13  0:13  SCV  
  14  0:18  Supply Depot  
  14  0:25  SCV  
  15  0:39  SCV  
  15  0:41  Barracks  
  16  0:47  Refinery  
  16  0:51  SCV  
  17  0:58  Barracks  
  17  1:01  Refinery  
  17  1:04  SCV  
  18  1:16  SCV  
  19  1:21  Engineering Bay  
  19  1:28  SCV  
  20  1:45  Reaper, Orbital Command  
  21  1:55  Factory  
  21  2:03  Supply Depot  
  21  2:11  SCV  
  22  2:18  Barracks Reactor  
  22  2:23  SCV  
  23  2:33  Command Center  
  23  2:35  SCV  
  24  2:39  Factory Tech Lab  
  24  2:48  SCV  
  25  2:54  Marine x2  
  27  2:59  Cyclone  
  27  3:00  SCV  
  31  3:06  Supply Depot  
  31  3:12  SCV  
  31  3:17  Marine  
  31  3:28  SCV  
  33  3:40  SCV  
  33  3:44  Marine, Factory Tech Lab  
  33  3:45  Stimpack, Barracks x2  
  34  3:52  SCV  
  35  4:02  Marine  
  36  4:04  SCV, Orbital Command, Siege Tank  
  40  4:10  Starport  
  40  4:16  SCV  
  41  4:19  Marine  
  42  4:28  SCV  
  42  4:29  SCV  
  44  4:32  Barracks Reactor  
  44  4:33  Marine  
  44  4:34  Marine  
  44  4:35  Supply Depot  
  44  4:37  Marine  
  47  4:39  Siege Tank  
  47  4:41  SCV  
  47  4:43  SCV  
  52  4:47  Starport Reactor, Refinery  
  52  4:52  Supply Depot  
  52  4:53  SCV  
  52  4:55  SCV  
  52  4:56  Marine x2  
  52  4:58  Marine  
  57  5:06  SCV  
  58  5:07  SCV, Engineering Bay  
  58  5:10  Marine x2  
  61  5:15  Siege Tank  
  61  5:18  SCV  
  65  5:24  Medivac  
  65  5:27  Supply Depot  
  65  5:28  Medivac  
  70  5:31  Marine x4  
  70  5:32  Marine  
  74  5:38  SCV x2  
  74  5:41  Supply Depot  
  76  5:48  Siege Tank  
  76  5:49  Marine  
  80  5:53  SCV, Supply Depot, Marine  
  80  5:55  Marine  
  83  5:59  Medivac  
  83  6:00  Marine  
  86  6:07  Supply Depot  
  86  6:10  Combat Shield  
  86  6:11  Marine  
  86  6:13  Marine  
  86  6:17  Marine  
  88  6:19  Marine  
  89  6:27  Siege Tank  
  89  6:30  Marine  
  93  6:33  Marine  
  93  6:44  Medivac  
  95  6:48  Marine x2  
  97  6:56  Medivac  
  99  7:01  Bunker  
  99  7:04  Bunker  
  99  7:06  Marine  
  99  7:09  Marine  
  80  7:16  Siege Tank  
  80  7:19  Marine  
Show
View Real Time Build Order
Export as new Build Order

Rail Protoss 

Build Orders: Colossus Rush 

Get SALT Encoding   

  12  0:00  Probe  
  13  0:15  Pylon  
  13  0:18  Probe  
  14  0:31  Probe  
  14  0:33  Gateway  
  15  0:39  Probe  
  16  0:50  Probe  
  16  0:54  Assimilator  
  17  1:02  Probe  
  18  1:15  Probe  
  19  1:20  Cybernetics Core  
  19  1:28  Probe  
  20  1:34  Assimilator  
  20  1:36  Pylon  
  20  1:41  Probe  
  21  1:47  Adept  
  21  1:53  Probe  
  24  2:07  Nexus  
  24  2:08  Stalker  
  24  2:20  Warp Gate  
  26  2:23  Probe  
  27  2:32  Pylon  
  27  2:38  Stalker  
  27  2:42  Probe  
  29  3:05  Probe  
  29  3:08  Twilight Council  
  29  3:15  Probe  
  30  3:22  Gateway  
  30  3:23  Probe  
  31  3:29  Gateway  
  31  3:31  Charge  
  31  3:37  Probe  
  31  3:40  Probe  
  33  3:47  Robotics Facility  
  33  3:53  Probe  
  34  3:56  Probe  
  34  4:01  Probe  
  35  4:08  Sentry  
  35  4:09  Probe x2  
  39  4:16  Zealot  
  42  4:20  Probe  
  42  4:21  Probe  
  44  4:24  Zealot  
  44  4:27  Pylon  
  46  4:32  Probe  
  46  4:33  Probe  
  46  4:34  Observer  
  46  4:35  Zealot  
  51  4:39  Zealot  
  51  4:44  Probe  
  54  4:46  Sentry  
  54  4:48  Probe  
  57  4:55  Pylon  
  57  4:57  Stalker, Probe  
  61  5:00  Probe  
  61  5:04  Blink  
  62  5:09  Probe  
  62  5:10  Assimilator  
  62  5:11  Assimilator  
  62  5:13  Robotics Bay  
  62  5:15  Probe  
  63  5:23  Probe  
  63  5:24  Pylon  
  63  5:26  Immortal  
  64  5:32  Probe  
  69  5:38  Probe, Pylon  
  70  5:50  Colossus  
  70  5:56  Forge  
  70  6:03  Gateway  
  70  6:06  Extended Thermal Lance  
  70  6:08  Zealot  
  70  6:09  Zealot  
  80  6:13  Zealot  
  82  6:19  Shield Battery  
  82  6:22  Shield Battery  
  82  6:23  Shield Battery  
  82  6:26  Pylon  
  82  6:30  Zealot x2  
  86  6:47  Zealot  
  86  6:53  Pylon  
  86  6:54  Pylon  
  88  6:56  Pylon  
  88  6:57  Pylon  
  88  6:58  Pylon  
  86  7:10  Zealot  
  86  7:11  Colossus  
  86  7:12  Zealot  
  86  7:15  Zealot x2  
Tags
 
Add a new tag
Caveats
  • Supply blocks, unpowered buildings, or Contaminate may cause inaccurate times.
  • Supply counts are checked every 10 seconds.